 Dungeon Crawl Stone Soup version 0.29-a0-1009-g60c99734e7 (webtiles) character file.

Game seed: 15681473858668572713

371 2tc the Summoner (level 6, -3/30 (32) HPs)
             Began as a Tengu Summoner on Aug 8, 2022.
             Was a Believer of Zin.
             Slain by a wight
             ... wielding a +4 battleaxe of freezing
              (9 damage)
             ... on level 3 of the Dungeon.
             The game lasted 00:16:56 (3481 turns).

2tc the Summoner (Tengu Summoner)                   Turns: 3481, Time: 00:16:59

HP:   -3/30 (32)    AC:  2    Str: 11    XL:     6   Next: 70%
MP:   8/10          EV: 14    Int: 15    God:    Zin [**....]
Gold: 102           SH:  0    Dex: 14    Spells: 2/10 levels left

rFire   . . .      SeeInvis .   m - +1 short sword (venom)
rCold   . . .      Faith    .   (no shield)
rNeg    . . .      Spirit   .   a - +0 robe
rPois   .          Reflect  .   (helmet restricted)
rElec   .          Harm     .   (no cloak)
rCorr   .          Rampage  .   (no gloves)
Will    .....                   (boots unavailable)
Stlth   ++........              j - amulet of the acrobat
HPRegen 0.10/turn               (no ring)
MPRegen 0.12/turn               (no ring)

@: flying quickly and evasively, drained, quick
A: beak, talons 3, nimble flight
a: Renounce Religion, Recite, Vitalisation, Donate Gold


You were on level 3 of the Dungeon.
You worshipped Zin.
Zin was pleased with you.
You visited 1 branch of the dungeon, and saw 3 of its levels.

You collected 113 gold pieces.
You donated 11 gold pieces to Zin.

Inventory:

Hand Weapons
 e - a +0 club
 f - a +0 quarterstaff
 h - a +0 dagger
 m - a +1 short sword of venom (weapon)
Armour
 a - a +0 robe (worn)
Jewellery
 j - an amulet of the acrobat (around neck)
Scrolls
 c - 2 scrolls of amnesia
Potions
 b - a potion of magic
 d - 3 potions of mutation
 g - a potion of cancellation {unknown}
 i - 2 potions of heal wounds
 l - a potion of berserk rage {unknown}
 n - 2 potions of brilliance {unknown}


   Skills:
 - Level 2.1 Dodging
 - Level 2.0 Stealth
 - Level 2.5 Spellcasting
 - Level 9.1 Summonings
 + Level 0.0 Air Magic


You had 2 spell levels left.
You knew the following spells:

 Your Spells              Type           Power      Damage    Failure   Level
a - Summon Small Mammal   Summ           100%       N/A       1%          1
b - Call Canine Familiar  Summ           29%        N/A       1%          3
c - Summon Lightning Spi  Summ/Air       15%        N/A       32%         4

Your spell library contained the following spells:

 Spells                   Type           Power      Damage    Failure   Level
 Call Imp                 Summ           29%        N/A       1%          2
 Blink                    Tloc           2%         N/A       32%         2
 Summon Guardian Golem    Hex/Summ       15%        N/A       10%         3
 Dazzling Flash           Conj/Hex       2%         N/A       54%         3
 Lesser Beckoning         Tloc           1%         N/A       54%         3
 Portal Projectile        Hex/Tloc       2%         N/A       54%         3
 Tukima's Dance           Hex            1%         N/A       54%         3
 Agony                    Necr           1%         N/A       99%         5
 Blade Hands              Tmut           0%         N/A       99%         5
 Manifold Assault         Tloc           1%         N/A       99%         5
 Silence                  Hex/Air        0%         N/A       99%         5


Dungeon Overview and Level Annotations

Branches:
Dungeon (3/15)

Altars:
Ru
Wu Jian
Zin

Shops:
D:2 =


Innate Abilities, Weirdness & Mutations

You have a beak for a mouth.
You have claws for feet.
Your magical nature lets you fly swiftly and evasively.


Message History

The wight hits your quokka with a +4 battleaxe of freezing!
The wight freezes your quokka.
Your quokka dies!
Your quokka's corpse disappears in a puff of smoke!
The wight barely misses your hound.
Your hound closely misses the wight.
Your hound completely misses the wight.
Your hound splashes around in the water.
Your hound closely misses the wight.
Your rat bites the wight but does no damage.
Your hound bites the wight but does no damage. x2
Your hound bites the wight.
You swap places.
Your quokka splashes around in the water.
Your hound bites the wight.
The wight splashes around in the water.
Your quokka bites the wight but does no damage.
Your hound splashes around in the water.
You are out of magic!
Your rat closely misses the wight.
Your hound barely misses the wight.
Your quokka bites the wight but does no damage.
The wight hits your hound with a +4 battleaxe of freezing.
The wight freezes your hound.
Your hound dies!
Your hound's corpse disappears in a puff of smoke!
The wight misses your rat.
The wight hits your quokka with a +4 battleaxe of freezing.
The wight freezes your quokka.
Your quokka dies!
Your quokka's corpse disappears in a puff of smoke!
You aren't carrying any items that you can evoke.
Magic courses through your body.
Your rat barely misses the wight.
Casting: Summon Small Mammal (safe; 1% risk of failure)
Confirm with . or Enter, or press ? or * to list all spells.
You hit the wight but do no damage. You peck the wight.
The wight is almost destroyed.
Your hound bites the wight.
The wight hits you with a +4 battleaxe of freezing!!
Ouch! That really hurt!
* * * LOW HITPOINT WARNING * * *
You feel drained.
You die...

♣..8♣..♣##..## #...#
♣....♣♣#.....
#...##♣♣.♣♣♣ ######
#....###'# ...
##.....#..# ## #.....
#.## #≈
###.##.###.##########≈
#.....z.##.#......<.#.
#..@~hr~.#.########.
#~~♣P♣~~~..# #.
#...♣♣♣♣♣~.#.# #. #~.~
♣~~#.###### #. #P.P~
♣♣~)#....<.# #.
#~P~~♣♣♣~P.######.###.
##PP~~♣~~P.# #...≈.
~~~~P~~.# #z#..≈
.~PP.P#.# #z#...


You could see a wight (ally target), a friendly hound (summoned) and a friendly
rat (summoned).

Vanquished Creatures
  A wight (D:3)
  An adder (D:2)
  2 gnolls
  A dart slug (D:2)
  An orc (D:3)
  2 ball pythons
  2 endoplasms (D:2)
  2 giant cockroaches
  3 goblins
  4 hobgoblins
  3 jackals (D:1)
  6 kobolds
  8 bats
  3 frilled lizards (D:3)
  2 rats
41 creatures vanquished.

Vanquished Creatures (collateral kills)
  Sigmund (D:3)
  A wight (D:3)
  A gnoll (D:3)
  A worm (D:2)
  A dart slug (D:1)
  3 goblins
  A hobgoblin (D:1)
  5 jackals
  A quokka (D:3)
  4 ball pythons
  A frilled lizard (D:3)
  2 kobolds
  2 rats
24 creatures vanquished.

Vanquished Creatures (others)
  12 plants (D:3)
12 creatures vanquished.

Grand Total: 77 creatures vanquished

Notes
Turn   | Place    | Note
-------+----------+-------------------------------------------
     0 | D:1      | 2tc the Tengu Summoner began the quest for the Orb.
     0 | D:1      | Reached XP level 1. HP: 10/10 MP: 4/4
    39 | D:1      | Reached skill level 5 in Summonings
   352 | D:1      | Found a faded altar of an unknown god.
   364 | D:1      | Prayed at the altar of an unknown god.
   364 | D:1      | Became a worshipper of Zin the Law-Giver
   364 | D:1      | Reached * piety under Zin
   577 | D:1      | Reached XP level 2. HP: 9/15 MP: 3/6
  1266 | D:1      | Reached ** piety under Zin
  1290 | D:1      | Reached XP level 3. HP: 9/19 MP: 5/7
  1294 | D:1      | Reached skill level 6 in Summonings
  1529 | D:1      | Learned a level 3 spell: Call Canine Familiar
  1702 | D:2      | Found Tuzimouq's Jewellery Shoppe.
  1702 | D:2      | Found an ornate altar of the Wu Jian Council.
  2075 | D:2      | Reached XP level 4. HP: 20/24 MP: 4/8
  2371 | D:3      | Found a sacrificial altar of Ru.
  2543 | D:3      | Noticed Sigmund
  2738 | D:3      | Killed Sigmund
  2739 | D:3      | Reached skill level 7 in Summonings
  2739 | D:3      | Reached skill level 8 in Summonings
  2739 | D:3      | Gained mutation: Your magical nature lets you fly swiftly
                  | and evasively. [Tengu growth]
  2739 | D:3      | Reached XP level 5. HP: 28/28 MP: 0/9
  2739 | D:3      | Reached XP level 6. HP: 32/32 MP: 0/10
  3024 | D:3      | Learned a level 4 spell: Summon Lightning Spire
  3456 | D:3      | Reached skill level 9 in Summonings
  3481 | D:3      | Slain by a wight

Illustrated notes

Levels and vault maps discovered:
D:1:      minmay_arrival_up_and_down, layout_rooms, serial_curves,
          eino_curves_04, eino_curves_03,
          hellmonk_ecumenical_altar_inner_sanctum, minmay_misc_feat_square,
          minivault_4
D:2:      layout_rooms, basic_altar, serial_shops, shop,
          guppyfry_early_lair_pool
D:3:      layout_loops_ring, okawaru_trees_1, nicolae_ru_path_of_blood,
          kennysheep_another_room, serial_bayou_pond_c, uniq_sigmund

Skill      XL: |  1  2  3  4  5  6 |
---------------+-------------------+-----
Summonings     | 5 6 8 9 |  9.1
Dodging        | |  2.1
Stealth        | |  2.0
Spellcasting   | |  2.5

Action                   |  1- 3 |  4- 6 || total
-------------------------+-------+-------++-------
Melee: Unarmed           |    15 |       ||    15
       Kick              |    25 |     6 ||    31
       Quarterstaff      |     4 |       ||     4
       Peck              |    14 |    10 ||    24
       Dagger            |    56 |     2 ||    58
       Short sword       |       |    35 ||    35
 Cast: Summon Small Mamm |    24 |    21 ||    45
       Call Canine Famil |     2 |    17 ||    19
  Use: Scroll            |     5 |     1 ||     6
       Potion            |       |     1 ||     1
 Stab: Sleeping          |     2 |     5 ||     7
       Distracted        |     1 |     1 ||     2
Armor: Robe              |    27 |     1 ||    28
Dodge: Dodged            |    70 |    25 ||    95

Table legend: (Time is in decaauts)
 A = Elapsed time spent in this place.
 B = Non-inter-level travel time spent in this place.
 C = Inter-level travel time spent in this place.
 D = Time resting spent in this place.
 E = Time spent auto-exploring this place.
 F = Levels seen in this place.
 G = Mean time per level.
                   A        B        C        D        E       F      G
               +--------+--------+--------+--------+--------+-----+--------+
         Total |   3454 |   3335 |    119 |    440 |   2154 |   3 | 1151.3 |
       Dungeon |   3454 |   3335 |    119 |    440 |   2154 |   3 | 1151.3 |
               +--------+--------+--------+--------+--------+-----+--------+

Top non-repeatable levels by time:
     D:1: 1703 daAuts
     D:2: 887 daAuts
     D:3: 864 daAuts
